 Dungeon Crawl Stone Soup version 0.22.1-2-g9c5b331 (webtiles) character file.

277 havocjr2 the Conjurer (level 6, -1/43 HPs)
             Began as a Human Conjurer on Dec 6, 2018.
             Was a Follower of Vehumet.
             Slain by a big kobold zombie (5 damage)
             ... in an ossuary.
             The game lasted 00:36:15 (3522 turns).

havocjr2 the Conjurer (Human Conjurer)              Turns: 3522, Time: 00:36:16

Health: -1/43      AC:  3    Str:  8    XL:     6   Next: 50%
Magic:  0/10       EV: 13    Int: 18    God:    Vehumet [*.....]
Gold:   76         SH:  0    Dex: 13    Spells: 4/11 levels left

rFire    . . .     SeeInvis .   k - +0 dagger (vamp)
rCold    . . .     Gourm    .   (no shield)
rNeg     . . .     Faith    .   h - +0 robe
rPois    .         Spirit   .   (no helmet)
rElec    .         Reflect  .   o - +0 cloak
rCorr    .         Harm     .   (no gloves)
MR       .....                  (no boots)
Stlth    ++........             (no amulet)
HPRegen  0.14/turn              (no ring)
MPRegen  0.12/turn              (no ring)

@: very slightly contaminated
A: no striking features
a: Renounce Religion


You were in an ossuary.
You worshipped Vehumet.
Vehumet was aware of your devotion.
You were not hungry.

You visited 1 branch of the dungeon, and saw 4 of its levels.
You also visited: Ossuary.

You collected 76 gold pieces.

Inventory:

Hand Weapons
 d - a +0 club
 e - a +2 short sword of draining
 k - a +0 vampiric dagger (weapon)
Missiles
 g - 104 stones (quivered)
 p - 8 tomahawks
Armour
 h - a +0 robe (worn)
 o - a +0 cloak (worn)
Scrolls
 i - a scroll of teleportation {unknown}
 j - a scroll of identify
 l - a scroll of blinking
Potions
 a - a potion of brilliance {unknown}
 b - a potion of heal wounds {unknown}
 f - 2 potions of degeneration
 m - a potion of curing {unknown}
 n - 2 potions of flight {unknown}
 q - a potion of ambrosia {unknown}
Comestibles
 c - 5 rations


   Skills:
 + Level 1.0 Fighting
 + Level 3.1 Dodging
 + Level 3.3 Stealth
 + Level 3.0 Spellcasting
 * Level 5.4 Conjurations
 + Level 1.0 Hexes
 + Level 0.0 Air Magic


You had 4 spell levels left.
You knew the following spells:

 Your Spells              Type           Power        Failure   Level  Hunger
a - Magic Dart            Conj           ###.         1%          1    None
b - Searing Ray           Conj           ###...       2%          2    ##.....
c - Dazzling Spray        Conj/Hex       ##....       13%         3    ###....
d - Shock                 Conj/Air       ##..         5%          1    None

Your spell library contained the following spells:

 Spells                   Type           Power        Failure   Level  Hunger
 Iskenderun's Mystic Bla  Conj           ###.....     17%         4    ####...
 Fulminant Prism          Conj/Hex       ##........   38%         4    ####...
 Force Lance              Conj/Tloc      ##......     47%         4    ####...


Dungeon Overview and Level Annotations

Branches:
Dungeon (4/15)
 Temple: D:4-7

Altars:
Trog
Vehumet
Zin

Annotations:
D:4 Dowan, Duvessa


Message History

The elf zombie is almost destroyed.
The elf zombie hits you.
* * * LOW HITPOINT WARNING * * *
You barely miss the elf zombie.
The elf zombie is almost destroyed.
The elf zombie completely misses you. The big kobold zombie hits you.
* * * LOW HITPOINT WARNING * * *
You barely miss the elf zombie.
The elf zombie is almost destroyed.
The hobgoblin zombie hits you.
* * * LOW HITPOINT WARNING * * *
The elf zombie barely misses you.
You hit the elf zombie.
The elf zombie is almost destroyed.
The big kobold zombie hits you but does no damage.
The hobgoblin zombie barely misses you. The elf zombie barely misses you.
You hit the elf zombie but do no damage.
The elf zombie is almost destroyed.
The big kobold zombie hits you.
You die...

#...# #...# #...#
#...# #...# #..
#...# ##.. #...#
... #.ZZ# #..
#..@# #.. #..Z#
#^. #...#
#####..######...#
....Z...........#
....8..8........#
................#
................#
#################


You could see a hobgoblin zombie, a big kobold zombie and an elf zombie.

Vanquished Creatures
  An ogre (D:4)
  A scorpion (D:2)
  An orc wizard (D:4)
  2 adders (D:2)
  A howler monkey skeleton (D:3)
  2 oozes
  A worm (D:2)
  2 dart slugs
  A leopard gecko (D:3)
  2 orcs (D:4)
  4 giant cockroaches
  5 hobgoblins
  8 jackals (D:3)
  5 kobolds
  A quokka (D:2)
  7 bats
  6 goblins
  9 hobgoblin zombies (Ossuary)
  2 kobold zombies (Ossuary)
  7 orc zombies (Ossuary)
  4 rats
72 creatures vanquished.

Vanquished Creatures (others)
  A kobold (D:2)
1 creature vanquished.

Grand Total: 73 creatures vanquished

Notes
Turn   | Place    | Note
-------+----------+-------------------------------------------
     0 | D:1      | havocjr2 the Human Conjurer began the quest for the Orb.
     0 | D:1      | Reached XP level 1. HP: 13/13 MP: 3/3
   308 | D:1      | Reached XP level 2. HP: 13/19 MP: 5/5
   611 | D:1      | Learned a level 2 spell: Searing Ray
   904 | D:2      | Reached XP level 3. HP: 20/24 MP: 1/6
  1288 | D:2      | Noticed a scorpion
  1438 | D:2      | Killed a scorpion
  1438 | D:2      | Reached XP level 4. HP: 30/30 MP: 2/7
  1461 | D:2      | Found a radiant altar of Vehumet.
  1520 | D:2      | Became a worshipper of Vehumet
  1595 | D:2      | Reached XP level 5. HP: 35/35 MP: 3/8
  2055 | D:3      | Reached skill level 5 in Conjurations
  2282 | D:3      | Learned a level 3 spell: Dazzling Spray
  2353 | D:3      | Found a glowing silver altar of Zin.
  2756 | D:3      | Found a bloodstained altar of Trog.
  2904 | D:4      | Noticed an ogre
  2913 | D:4      | Killed an ogre
  2913 | D:4      | Reached XP level 6. HP: 42/42 MP: 4/10
  3045 | D:4      | Reached skill level 1 in Fighting
  3045 | D:4      | Reached skill level 1 in Hexes
  3067 | D:4      | Found a sand-covered staircase.
  3072 | D:4      | Noticed Duvessa
  3073 | D:4      | Noticed Dowan
  3077 | Ossuary  | Entered an ossuary
  3126 | Ossuary  | Reached * piety under Vehumet
  3126 | Ossuary  | Offered knowledge of Shock by Vehumet.
  3134 | Ossuary  | Learned a level 1 spell: Shock
  3522 | Ossuary  | Slain by a big kobold zombie

Skill      XL: |  1  2  3  4  5  6 |
---------------+-------------------+-----
Stealth        | 3 |  3.3
Conjurations   | 5 |  5.4
Dodging        | 3 |  3.1
Spellcasting   | 3 |  3.0
Fighting       | 1 |  1.0
Hexes          | 1 |  1.0

Action                   |  1- 3 |  4- 6 || total
-------------------------+-------+-------++-------
Melee: Short sword       |    17 |     2 ||    19
       Club              |     7 |       ||     7
       Dagger            |       |    38 ||    38
Throw: Stone             |     1 |     1 ||     2
 Cast: Magic Dart        |    47 |    62 ||   109
       Searing Ray       |     2 |     8 ||    10
       Shock             |       |    24 ||    24
  Use: Scroll            |     1 |     2 ||     3
  Eat: Chunk             |     2 |     4 ||     6
       Ration            |       |     3 ||     3
Armor: Robe              |     4 |    11 ||    15
Dodge: Dodged            |    26 |    37 ||    63
